Map: Ever Dream LE

Players

Armani

  • Race: Zerg Zerg
  • Spawn Location: 1:00

Reynor - Winner!

  • Race: Zerg Zerg
  • Spawn Location: 7:00

Event: War Chest Team League

VOD

Have the link to the VOD?

Description

Time

  • Played on: Aug. 14, 2020, 6:13 a.m.
  • Length: 11:10
Show
View Real Time Build Order
Export as new Build Order

Armani Zerg 

Build Orders: Hatch First, Muta Ling Bane 

Get SALT Encoding   

  12  0:01  Drone  
  13  0:13  Overlord  
  13  0:17  Drone  
  14  0:31  Drone x2  
  16  0:48  Hatchery  
  15  0:52  Drone  
  15  0:55  Drone  
  17  0:58  Drone  
  18  1:08  Extractor  
  17  1:14  Spawning Pool  
  17  1:17  Drone  
  17  1:21  Drone  
  18  1:29  Drone  
  19  1:41  Drone  
  20  1:51  Drone  
  21  2:01  Queen x2  
  21  2:02  Zergling x2  
  21  2:03  Overlord  
  26  2:10  Metabolic Boost  
  26  2:13  Zergling x4  
  28  2:25  Drone  
  28  2:29  Drone  
  30  2:36  Drone  
  28  2:43  Overlord  
  28  2:44  Drone x2  
  29  2:54  Hatchery  
  29  2:58  Drone x2  
  30  3:07  Baneling Nest  
  30  3:09  Drone  
  30  3:10  Drone  
  31  3:19  Drone x4  
  35  3:20  Drone  
  35  3:24  Queen  
  37  3:30  Drone x2  
  39  3:36  Overlord, Evolution Chamber  
  39  3:40  Zergling x2  
  39  3:41  Zergling x2  
  39  3:46  Drone x3  
  43  3:58  Drone  
  43  4:00  Drone  
  43  4:02  Zerg Melee Weapons Level 1  
  45  4:07  Drone  
  46  4:10  Zergling x6  
  46  4:12  Overlord  
  46  4:14  Drone  
  46  4:16  Drone  
  51  4:21  Drone  
  51  4:22  Baneling, Roach Warren  
  51  4:23  Baneling  
  51  4:27  Drone  
  51  4:28  Extractor, Drone x3  
  51  4:30  Drone  
  55  4:38  Lair  
  55  4:40  Drone  
  55  4:41  Drone  
  55  4:46  Drone x4  
  55  4:48  Drone  
  55  4:51  Extractor, Drone  
  55  4:52  Extractor  
  59  4:55  Overlord  
  59  4:56  Drone x2  
  59  4:58  Drone x4  
  65  5:04  Overlord  
  65  5:09  Drone  
  65  5:20  Extractor  
  64  5:21  Extractor  
  64  5:22  Zergling x12  
  64  5:24  Zergling x8  
  73  5:29  Overlord  
  73  5:30  Zergling x4  
  73  5:34  Zergling x2  
  76  5:39  Drone  
  76  5:40  Spire  
  75  5:45  Zergling x4  
  76  5:54  Zergling x6  
  68  6:03  Zergling x16  
  75  6:15  Drone x2  
  75  6:16  Drone x2  
  79  6:19  Drone  
  80  6:31  Overseer  
  79  6:38  Drone  
  79  6:52  Mutalisk x5  
  79  6:54  Overlord x3  
  89  6:57  Overlord  
  89  6:59  Zerg Flyer Weapons Level 1  
  82  7:01  Hatchery  
  82  7:03  Mutalisk x4  
  82  7:05  Zerg Melee Weapons Level 2  
  89  7:13  Mutalisk x4  
  96  7:18  Zergling x10  
  101  7:27  Mutalisk  
  101  7:28  Mutalisk x2  
  107  7:30  Zergling x6  
  107  7:35  Drone  
  111  7:37  Overlord  
  111  7:41  Centrifical Hooks  
  111  7:45  Hatchery  
  111  7:47  Drone x8  
  118  7:53  Mutalisk x2  
  118  7:55  Overlord  
  118  7:57  Drone x2  
  124  8:03  Hydralisk Den  
  123  8:06  Drone  
  123  8:11  Overlord, Spore Crawler  
  123  8:16  Spore Crawler  
  122  8:34  Hydralisk x10, Grooved Spines  
  122  8:37  Overlord x2  
  122  8:40  Baneling x4  
  142  8:43  Baneling  
  142  8:48  Hydralisk x2  
  142  8:49  Overlord  
  142  8:51  Overlord  
  145  8:58  Zergling x8  
  145  8:59  Zergling x8  
  145  9:11  Hydralisk x5  
  155  9:18  Baneling x10  
  155  9:26  Zergling x16  
  159  9:36  Drone  
  156  9:39  Zergling x14  
  156  9:45  Muscular Augments  
  142  10:01  Zergling x2  
  142  10:02  Zergling x16  
  131  10:10  Hydralisk x5  
  134  10:17  Overlord  
  134  10:18  Overlord  
  134  10:19  Overlord  
  125  10:30  Baneling x10  
  125  10:32  Overlord  
  125  10:33  Overlord  
  125  10:40  Hydralisk x3  
  125  10:41  Hydralisk  
  116  10:48  Drone  
Show
View Real Time Build Order
Export as new Build Order

Reynor Zerg - Winner!

Build Orders: Pool First 

Get SALT Encoding   

  12  0:00  Drone  
  13  0:13  Overlord  
  13  0:17  Drone  
  14  0:31  Drone x2  
  16  0:40  Spawning Pool  
  15  0:44  Drone  
  15  0:47  Drone  
  17  1:08  Hatchery  
  16  1:11  Drone  
  17  1:27  Zergling x4  
  17  1:28  Zergling x2  
  17  1:29  Queen  
  17  1:32  Extractor  
  21  1:40  Overlord  
  21  1:50  Drone  
  22  2:02  Drone  
  22  2:05  Queen  
  25  2:11  Drone  
  26  2:20  Queen, Drone  
  26  2:22  Drone  
  30  2:30  Drone  
  30  2:33  Drone  
  31  2:39  Drone x2  
  31  2:40  Drone  
  31  2:43  Metabolic Boost  
  32  2:44  Drone  
  32  2:48  Zergling x2  
  34  2:57  Overlord  
  34  3:07  Hatchery  
  33  3:12  Baneling Nest  
  33  3:15  Drone x2  
  34  3:22  Drone x3  
  34  3:26  Zergling x4  
  39  3:28  Zergling x2  
  39  3:33  Overlord  
  40  3:36  Zergling x2  
  40  3:38  Drone  
  40  3:39  Drone  
  43  3:46  Drone x2, Evolution Chamber  
  44  3:55  Drone x3  
  47  3:56  Drone  
  47  4:01  Overlord  
  48  4:03  Zergling x2  
  48  4:05  Drone x3  
  51  4:15  Zerg Missile Weapons Level 1  
  51  4:16  Overlord  
  51  4:17  Drone  
  51  4:18  Drone  
  51  4:20  Drone x3  
  56  4:25  Baneling  
  56  4:26  Drone x2  
  58  4:37  Overlord  
  58  4:38  Drone x2  
  58  4:40  Drone  
  59  4:46  Extractor, Roach Warren  
  59  4:47  Extractor, Zergling x2  
  59  4:48  Zergling x2  
  59  4:50  Lair  
  59  4:52  Drone x5  
  63  4:53  Drone  
  63  4:56  Overlord  
  65  5:00  Roach Warren  
  65  5:02  Drone x2  
  65  5:03  Drone x2  
  65  5:04  Drone x2  
  70  5:13  Extractor  
  69  5:15  Overlord, Spine Crawler  
  69  5:18  Drone  
  69  5:21  Overlord  
  69  5:24  Drone x4  
  69  5:25  Drone  
  69  5:26  Extractor  
  73  5:28  Extractor  
  73  5:32  Drone x3  
  73  5:34  Overlord  
  76  5:39  Drone x2  
  80  5:43  Roach  
  80  5:47  Roach x4  
  80  5:49  Hatchery  
  86  5:53  Roach x5  
  86  5:56  Glial Reconstitution  
  96  5:58  Zergling x2, Roach  
  96  5:59  Zergling x2  
  96  6:03  Overlord  
  98  6:07  Drone, Spire  
  98  6:10  Zergling x2, Roach x2  
  103  6:14  Overlord, Drone  
  103  6:17  Roach x2  
  108  6:19  Roach x2  
  111  6:27  Overlord  
  111  6:32  Queen  
  111  6:33  Baneling x2  
  111  6:34  Roach x5  
  111  6:38  Overlord  
  121  6:42  Baneling  
  121  6:43  Baneling  
  121  6:44  Zerg Missile Weapons Level 2  
  121  6:49  Drone x4  
  121  6:50  Drone  
  121  6:52  Drone, Spore Crawler  
  126  7:00  Drone  
  125  7:02  Spore Crawler  
  125  7:04  Queen x2  
  128  7:09  Overlord  
  128  7:12  Unknown, Spore Crawler  
  128  7:15  Drone  
  127  7:19  Corruptor x4  
  127  7:21  Corruptor  
  137  7:24  Corruptor  
  137  7:27  Corruptor  
  141  7:32  Corruptor  
  141  7:35  Corruptor  
  145  7:40  Corruptor  
  145  7:42  Overlord  
  145  7:47  Overlord  
  145  7:55  Overlord  
  145  7:57  Overlord  
  145  8:09  Overlord, Zerg Flyer Armor Level 1  
  145  8:10  Overlord  
  145  8:15  Overlord  
  145  8:16  Spore Crawler  
  144  8:21  Corruptor x3  
  144  8:24  Overlord  
  150  8:27  Corruptor x4  
  150  8:30  Corruptor x2  
  150  8:33  Roach x2  
  166  8:34  Roach  
  166  8:39  Roach x3  
  174  8:42  Roach  
  174  8:46  Roach x3  
  182  8:52  Overlord  
  182  8:57  Overlord  
  178  9:05  Roach x2  
  178  9:06  Overlord  
  179  9:11  Roach x6  
  179  9:15  Roach x2  
  179  9:16  Roach x2  
  199  9:30  Roach x3  
  195  9:39  Overseer, Pneumatized Carapace  
  195  9:44  Ravager x5  
  200  9:50  Ravager x2  
  200  9:51  Ravager x2  
  200  9:52  Roach x4  
  199  9:57  Roach x6  
  199  9:58  Roach x2  
  191  10:03  Roach x7  
  191  10:08  Roach x2  
  194  10:14  Roach x3  
  188  10:23  Ravager x5  
  188  10:26  Roach x3  
  197  10:41  Roach x5  
  197  10:42  Roach  
Tags
 
Add a new tag
Caveats
  • Supply blocks, unpowered buildings, or Contaminate may cause inaccurate times.
  • Supply counts are checked every 10 seconds.